PAAA
TORTOLITA DRUMMERS @ BLOOMINGTON LONGNECKS
07/03/2031
 
TOP OF THE 1ST
Tortolita Drummers batting - Pitching for Bloomington Longnecks : RHP Nassim El-Badwi
Pitching: RHP Nassim El-Badwi
Batting: RHB Sean Godron 0-0: Ground out U3 (Groundball, 3)
Pitching: LHP Anaías Pedroza
Batting: RHB Ricardo Pacheco 0-0: Ball
1-0: Ground out U3 (Groundball, 34)
Batting: RHB Alan Elder 0-0: Ball
1-0: Foul Ball, location: 2F
1-1: Ball
2-1: SINGLE (Line Drive, 7LS)
Batting: RHB Santo Alba 0-0: Ball
1-0: Foul Ball, location: 2F
1-1: Ball
2-1: Ball
3-1: Base on Balls
Alan Elder to second
Batting: RHB Jim Burch 0-0: Called Strike
0-1: Fly out, F7 (Line Drive, 7)
Top of the 1st over - 0 runs, 1 hit, 0 errors, 2 left on base; Tortolita 0 - Bloomington 0
BOTTOM OF THE 1ST
Bloomington Longnecks batting - Pitching for Tortolita Drummers : LHP Steve Seabolt
Pitching: LHP Steve Seabolt
Batting: RHB Silvio Bonauiti 0-0: Called Strike
0-1: Foul Ball, location: 2F
0-2: Ball
1-2: Ball
2-2: Foul Ball, location: 2F
2-2: Foul Ball, location: 2F
2-2: Foul Ball, location: 2F
2-2: DOUBLE (Line Drive, 8LXD)
Batting: RHB Frank Crocker 0-0: Foul Ball, location: 2F
0-1: Ball
1-1: Ball
2-1: Ball
3-1: Ground out 6-3 (Groundball, 6)
Silvio Bonauiti to third
Batting: RHB Rob Gray 0-0: Swinging Strike
0-1: Called Strike
0-2: Ball
1-2: SINGLE (Groundball, 6MD)
Silvio Bonauiti scores
Batting: SHB Chris Williamson 0-0: Fielders Choice at 2nd, 3-6 (Groundball, 34)
Batting: RHB Masafumi Ito 0-0: Ball
1-0: SINGLE (Flyball, 78S)
Chris Williamson to second
Chris Williamson to third
Batting: RHB Carlos Cardona 0-0: Ball
1-0: Called Strike
1-1: Fly out, F9 (Flyball, 9S)
Bottom of the 1st over - 1 run, 3 hits, 0 errors, 2 left on base; Tortolita 0 - Bloomington 1
TOP OF THE 2ND
Tortolita Drummers batting - Pitching for Bloomington Longnecks : LHP Anaías Pedroza
Batting: LHB Steve Costillo 0-0: Called Strike
0-1: Ball
1-1: Called Strike
1-2: Foul Ball, location: 2F
1-2: Foul Ball, location: 2F
1-2: Ball
2-2: Strikes out looking
Batting: RHB Lu-fang Koo 0-0: Called Strike
0-1: Foul Ball, location: 2F
0-2: Ball
1-2: Foul Ball, location: 2F
1-2: Fly out, F8 (Flyball, 78D)
Batting: LHB Bernardo Elías 0-0: Called Strike
0-1: Reached on error, E4 (Groundball, 4)
Batting: SHB Carlos Kramer 0-0: 2-RUN HOME RUN (Flyball, 89XD), Distance : 371 ft
Batting: RHB Sean Godron 0-0: Foul Ball, location: 2F
0-1: Ball
1-1: Ball
2-1: Called Strike
2-2: Strikes out swinging
Top of the 2nd over - 2 runs, 1 hit, 1 error, 0 left on base; Tortolita 2 - Bloomington 1
BOTTOM OF THE 2ND
Bloomington Longnecks batting - Pitching for Tortolita Drummers : LHP Steve Seabolt
Batting: RHB Ty Struck 0-0: Foul Ball, location: 2F
0-1: Ball
1-1: Called Strike
1-2: Ground out 5-3 (Groundball, 56)
Batting: RHB Chet Hollis 0-0: Ball
1-0: Ball
2-0: Foul Ball, location: 2F
2-1: Foul Ball, location: 2F
2-2: Strikes out swinging
Batting: LHB César Gómes 0-0: Ball
1-0: Ball
2-0: Swinging Strike
2-1: Foul Ball, location: 2F
2-2: SINGLE (Line Drive, 78S)
Batting: RHB Silvio Bonauiti 0-0: SINGLE (Line Drive, 9LS)
César Gómes to second
Batting: RHB Frank Crocker 0-0: Called Strike
0-1: SINGLE (Groundball, 56D)
César Gómes to third
Silvio Bonauiti to second
Runner from 3rd tries for Home, throw and OUT!
Bottom of the 2nd over - 0 runs, 3 hits, 0 errors, 2 left on base; Tortolita 2 - Bloomington 1
TOP OF THE 3RD
Tortolita Drummers batting - Pitching for Bloomington Longnecks : LHP Anaías Pedroza
Batting: RHB Ricardo Pacheco 0-0: Ball
1-0: Ball
2-0: Called Strike
2-1: Swinging Strike
2-2: SINGLE (Flyball, 89S)
Batting: RHB Alan Elder 0-0: Ball
Ricardo Pacheco steals 2nd base
1-0: Ball
2-0: Ball
3-0: Base on Balls
Batting: RHB Santo Alba 0-0: Foul Ball, location: 2F
0-1: Called Strike
0-2: Strikes out swinging
Batting: RHB Jim Burch 0-0: Ball
1-0: Called Strike
1-1: Grounds into double play, 5-4-3 (Groundball, 56)
Top of the 3rd over - 0 runs, 1 hit, 0 errors, 1 left on base; Tortolita 2 - Bloomington 1
BOTTOM OF THE 3RD
Bloomington Longnecks batting - Pitching for Tortolita Drummers : LHP Steve Seabolt
Batting: RHB Rob Gray 0-0: Swinging Strike
0-1: Foul Ball, location: 2F
0-2: Ball
1-2: Fly out, F8 (Flyball, 78XD)
Batting: SHB Chris Williamson 0-0: Swinging Strike
0-1: Ball
1-1: Called Strike
1-2: Foul Ball, location: 2F
1-2: Strikes out swinging
Batting: RHB Masafumi Ito 0-0: Ball
1-0: Foul Ball, location: 2F
1-1: Ground out 5-3 (Groundball, 56S)
Bottom of the 3rd over - 0 runs, 0 hits, 0 errors, 0 left on base; Tortolita 2 - Bloomington 1
TOP OF THE 4TH
Tortolita Drummers batting - Pitching for Bloomington Longnecks : LHP Anaías Pedroza
Batting: LHB Steve Costillo 0-0: Called Strike
0-1: Swinging Strike
0-2: Ball
1-2: Foul Ball, location: 2F
1-2: Strikes out swinging, 2-3 out at first.
Batting: RHB Lu-fang Koo 0-0: Called Strike
0-1: Ball
1-1: Ball
2-1: Foul Ball, location: 2F
2-2: Ground out 1-3 (Groundball, 13)
Batting: LHB Bernardo Elías 0-0: Called Strike
0-1: Foul Ball, location: 2F
0-2: Ball
1-2: Fly out, F8 (Flyball, 8LM)
Top of the 4th over - 0 runs, 0 hits, 0 errors, 0 left on base; Tortolita 2 - Bloomington 1
BOTTOM OF THE 4TH
Bloomington Longnecks batting - Pitching for Tortolita Drummers : LHP Steve Seabolt
Batting: RHB Carlos Cardona 0-0: Foul Ball, location: 2F
0-1: Called Strike
0-2: Fly out, F9 (Line Drive, 9S)
Batting: RHB Ty Struck 0-0: Called Strike
0-1: Ball
1-1: Swinging Strike
1-2: Foul Ball, location: 2F
1-2: Foul Ball, location: 2F
1-2: Ball
2-2: Strikes out swinging
Batting: RHB Chet Hollis 0-0: Ball
1-0: Ball
2-0: Ball
3-0: Called Strike
3-1: Ground out 4-3 (Groundball, 4)
Bottom of the 4th over - 0 runs, 0 hits, 0 errors, 0 left on base; Tortolita 2 - Bloomington 1
TOP OF THE 5TH
Tortolita Drummers batting - Pitching for Bloomington Longnecks : LHP Anaías Pedroza
Batting: SHB Carlos Kramer 0-0: Foul Ball, location: 2F
0-1: Ball
1-1: Foul Ball, location: 2F
1-2: SINGLE (Flyball, 89M)
Pitching: LHP Jesús Medina
Batting: RHB Sean Godron 0-0: Ball
1-0: Ball
2-0: Grounds into double play, 4-6-3 (Groundball, 4)
Batting: RHB Ricardo Pacheco 0-0: Fly out, F9 (Flyball, 89D)
Top of the 5th over - 0 runs, 1 hit, 0 errors, 0 left on base; Tortolita 2 - Bloomington 1
BOTTOM OF THE 5TH
Bloomington Longnecks batting - Pitching for Tortolita Drummers : LHP Steve Seabolt
Batting: LHB César Gómes 0-0: Ball
1-0: SINGLE (Line Drive, 4)
Batting: RHB Silvio Bonauiti 0-0: Sac Bunt - play at first, batter OUT! 1-4
César Gómes to second
Batting: RHB Frank Crocker 0-0: Ball
1-0: Called Strike
1-1: Swinging Strike
1-2: Strikes out swinging
Batting: RHB Rob Gray 0-0: Ball
1-0: Ball
2-0: Ground out 3-1 (Groundball, 34S)
Bottom of the 5th over - 0 runs, 1 hit, 0 errors, 1 left on base; Tortolita 2 - Bloomington 1
TOP OF THE 6TH
Tortolita Drummers batting - Pitching for Bloomington Longnecks : LHP Jesús Medina
Batting: RHB Alan Elder 0-0: Called Strike
0-1: Ball
1-1: Ball
2-1: SOLO HOME RUN (Flyball, 7LD), Distance : 366 ft
Batting: RHB Santo Alba 0-0: Ball
1-0: Ball
2-0: Foul Ball, location: 2F
2-1: Ball
3-1: Ground out 5-3 (Groundball, 56)
Batting: RHB Jim Burch 0-0: Called Strike
0-1: Swinging Strike
0-2: Ball
1-2: Foul Ball, location: 2F
1-2: Strikes out swinging
Batting: LHB Steve Costillo 0-0: Ball
1-0: Swinging Strike
1-1: Ball
2-1: Foul Ball, location: 2F
2-2: Strikes out swinging
Top of the 6th over - 1 run, 1 hit, 0 errors, 0 left on base; Tortolita 3 - Bloomington 1
BOTTOM OF THE 6TH
Bloomington Longnecks batting - Pitching for Tortolita Drummers : LHP Steve Seabolt
Batting: SHB Chris Williamson 0-0: Called Strike
0-1: Ball
1-1: Ball
2-1: Ball
3-1: Base on Balls
Batting: RHB Masafumi Ito 0-0: Ball
1-0: Ball
2-0: Ball
3-0: Base on Balls
Chris Williamson to second
Batting: RHB Carlos Cardona 0-0: DOUBLE (Flyball, 8RXD)
Chris Williamson scores
Masafumi Ito to third
Batting: RHB Ty Struck 0-0: Swinging Strike
0-1: DOUBLE (Flyball, 8LXD)
Masafumi Ito scores
Carlos Cardona scores
Batting: RHB Chet Hollis 0-0: Intentional Walk
Batting: LHB César Gómes 0-0: Sac Bunt - play at third, runner OUT! 1-6
Chet Hollis to second
Batting: RHB Silvio Bonauiti 0-0: Ball
1-0: Foul Ball, location: 2F
1-1: Called Strike
1-2: Strikes out swinging
Batting: RHB Frank Crocker 0-0: Ball
1-0: Ball
2-0: Ball
3-0: Base on Balls
Chet Hollis to third
César Gómes to second
Batting: RHB Rob Gray 0-0: SINGLE (Line Drive, 9S)
Chet Hollis scores
César Gómes to third
Frank Crocker to second
Runner from 3rd tries for Home, SAFE, no throw
Pitching: RHP José Morales
Batting: SHB Chris Williamson 0-0: Ball
1-0: Ground out 3-1 (Groundball, 3D)
Bottom of the 6th over - 5 runs, 3 hits, 0 errors, 2 left on base; Tortolita 3 - Bloomington 6
TOP OF THE 7TH
Tortolita Drummers batting - Pitching for Bloomington Longnecks : LHP Jesús Medina
Batting: RHB Lu-fang Koo 0-0: Ball
1-0: Fly out, F8 (Flyball, 78D)
Batting: LHB Bernardo Elías 0-0: Called Strike
0-1: Foul Ball, location: 2F
0-2: Ball
1-2: Strikes out looking
Batting: SHB Carlos Kramer 0-0: Foul Ball, location: 2F
0-1: Ground out 6-3 (Groundball, 6)
Top of the 7th over - 0 runs, 0 hits, 0 errors, 0 left on base; Tortolita 3 - Bloomington 6
BOTTOM OF THE 7TH
Bloomington Longnecks batting - Pitching for Tortolita Drummers : RHP José Morales
Batting: RHB Masafumi Ito 0-0: Ball
1-0: Ball
2-0: Ball
3-0: Called Strike
3-1: Base on Balls
Batting: RHB Carlos Cardona 0-0: Called Strike
0-1: Ball
1-1: Ball
2-1: Swinging Strike
2-2: Strikes out swinging
Batting: RHB Ty Struck 0-0: Foul Ball, location: 2F
0-1: Ball
1-1: Foul Ball, location: 2F
1-2: Ball
2-2: Ball
3-2: Base on Balls
Masafumi Ito to second
Batting: RHB Chet Hollis 0-0: Ball
1-0: Ball
2-0: Called Strike
2-1: Ball
3-1: Called Strike
3-2: Base on Balls
Masafumi Ito to third
Ty Struck to second
Pinch Hitting: LHB John Schaefer 0-0: Foul Ball, location: 2F
0-1: Ball
1-1: Ball
2-1: Ball
3-1: Foul Ball, location: 2F
3-2: SINGLE (Groundball, 4MD)
Masafumi Ito scores
Ty Struck to third
Chet Hollis to second
Runner from 3rd tries for Home, SAFE, no throw
Batting: RHB Silvio Bonauiti 0-0: Ball
1-0: Fly out, F7 (Flyball, 78M)
Batting: RHB Frank Crocker 0-0: Ball
1-0: Fly out, F8 (Flyball, 8RS)
Bottom of the 7th over - 2 runs, 1 hit, 0 errors, 2 left on base; Tortolita 3 - Bloomington 8
TOP OF THE 8TH
Tortolita Drummers batting - Pitching for Bloomington Longnecks : LHP Jesús Medina
Now in LF: John Schaefer
Batting: RHB Sean Godron 0-0: Ball
1-0: Ball
2-0: Called Strike
2-1: Ball
3-1: Fly out, F6 (Line Drive, 6M)
Batting: RHB Ricardo Pacheco 0-0: Ball
1-0: SINGLE (Groundball, 4D)
Batting: RHB Alan Elder 0-0: Ball
1-0: Grounds into double play, 6-4-3 (Groundball, 6D)
Top of the 8th over - 0 runs, 1 hit, 0 errors, 0 left on base; Tortolita 3 - Bloomington 8
BOTTOM OF THE 8TH
Bloomington Longnecks batting - Pitching for Tortolita Drummers : RHP José Morales
Batting: RHB Rob Gray 0-0: Called Strike
0-1: Ball
1-1: SINGLE (Flyball, 8RS)
Batting: SHB Chris Williamson 0-0: Ball
1-0: Called Strike
1-1: Ball
2-1: Foul Ball, location: 2F
2-2: Ball
3-2: Strikes out swinging
Batting: RHB Masafumi Ito 0-0: Called Strike
0-1: Ball
1-1: Ball
2-1: Foul Ball, location: 2F
2-2: Strikes out looking
Batting: RHB Carlos Cardona 0-0: Ball
1-0: SINGLE (Line Drive, 34D)
Rob Gray to second
Batting: RHB Ty Struck 0-0: Ball
1-0: Called Strike
1-1: Ball
2-1: Ball
3-1: Fly out, F8 (Flyball, 8RD)
Bottom of the 8th over - 0 runs, 2 hits, 0 errors, 2 left on base; Tortolita 3 - Bloomington 8
TOP OF THE 9TH
Tortolita Drummers batting - Pitching for Bloomington Longnecks : LHP Jesús Medina
Batting: RHB Santo Alba 0-0: Foul Ball, location: 2F
0-1: Ball
1-1: SINGLE (Groundball, 34D)
Batting: RHB Jim Burch 0-0: Ball
1-0: Ball
2-0: SINGLE (Groundball, 6MD)
Santo Alba to second
Batting: LHB Steve Costillo 0-0: Called Strike
0-1: Foul Ball, location: 2F
0-2: Ball
1-2: Ball
2-2: Ground out 5-3 (Groundball, 56S)
Santo Alba to third
Jim Burch to second
Batting: RHB Lu-fang Koo 0-0: Foul Ball, location: 2F
0-1: Ball
1-1: Ball
2-1: Ball
3-1: Base on Balls
Pitching: LHP Walt Cooley
Batting: LHB Bernardo Elías 0-0: Called Strike
0-1: Fly out, F8 (Flyball, 8LM)
Runner from 3rd tags up, SCORES, no throw
Batting: SHB Carlos Kramer 0-0: Ball
1-0: Ball
2-0: Called Strike
2-1: Fly out, F7 (Flyball, 7D)
Top of the 9th over - 1 run, 2 hits, 0 errors, 2 left on base; Tortolita 4 - Bloomington 8
Tuesday, June 12th, 2018 - OOTP Baseball 18.8 Build 76